Map: Deathaura LE

Players

MasterRain

  • Race: Protoss Protoss
  • Spawn Location: 5:00

DarkSoul - Winner!

  • Race: Zerg Zerg
  • League: Platinum
  • Spawn Location: 11:00

VOD

Have the link to the VOD?

Description

Time

  • Played on: June 29, 2020, 2:42 a.m.
  • Length: 13:37
Show
View Real Time Build Order
Export as new Build Order

MasterRain Protoss 

Build Orders: Nexus First 

Get SALT Encoding   

  12  0:01  Probe  
  13  0:27  Pylon  
  13  0:29  Probe  
  14  0:40  Probe  
  15  0:48  Probe  
  15  0:56  Probe  
  16  1:02  Nexus  
  17  1:08  Probe  
  17  1:16  Probe  
  18  1:22  Gateway  
  19  1:26  Probe  
  19  1:31  Assimilator  
  20  1:35  Assimilator  
  20  1:40  Probe  
  21  1:53  Probe  
  22  2:05  Probe  
  23  2:09  Pylon  
  23  2:16  Cybernetics Core  
  23  2:17  Probe x2  
  23  2:21  Zealot  
  27  2:29  Probe  
  29  2:30  Probe  
  29  2:40  Gateway, Probe  
  29  2:41  Probe  
  31  2:48  Probe  
  31  2:53  Warp Gate, Probe  
  31  2:54  Sentry  
  35  3:02  Pylon  
  35  3:05  Probe  
  36  3:12  Assimilator  
  36  3:13  Probe  
  36  3:14  Assimilator  
  36  3:17  Probe  
  36  3:19  Shield Battery  
  38  3:24  Pylon  
  38  3:27  Sentry  
  38  3:29  Probe  
  41  3:50  Robotics Facility  
  41  3:53  Pylon  
  41  3:56  Pylon  
  41  3:59  Pylon  
  41  4:13  Probe x2  
  43  4:17  Sentry  
  45  4:25  Probe  
  45  4:26  Probe  
  47  4:37  Probe  
  47  4:38  Immortal, Probe  
  53  4:47  Gateway  
  53  4:49  Probe  
  53  4:50  Probe  
  55  5:01  Probe  
  55  5:02  Probe  
  57  5:14  Gateway  
  57  5:17  Immortal  
  61  5:26  Robotics Facility  
  61  5:31  Gateway  
  60  5:44  Forge  
  60  5:46  Twilight Council  
  60  5:50  Forge  
  60  5:51  Zealot x3  
  66  6:04  Immortal  
  70  6:09  Probe  
  71  6:23  Nexus  
  71  6:27  Assimilator  
  71  6:29  Assimilator, Stalker x2  
  71  6:30  Stalker  
  77  6:33  Pylon  
  77  6:43  Immortal  
  81  6:55  Protoss Ground Weapons Level 1  
  81  7:00  Pylon  
  81  7:02  Immortal  
  85  7:22  Protoss Ground Armor Level 1, Immortal  
  89  7:23  Charge  
  89  7:25  Shield Battery  
  89  7:31  Shield Battery  
  89  7:41  Immortal  
  93  7:50  Templar Archives  
  93  7:54  Probe x3  
  96  8:01  Immortal  
  100  8:06  Probe x3  
  103  8:18  Probe x3  
  106  8:20  Immortal  
  110  8:30  Probe x3  
  113  8:37  Gateway  
  113  8:40  Gateway  
  113  8:42  Gateway, Probe x3, Psionic Storm  
  113  8:46  Gateway  
  116  8:53  Pylon  
  116  8:54  Probe  
  117  9:11  Observer x2, Probe  
  120  9:17  Photon Cannon  
  120  9:19  Photon Cannon  
  120  9:24  Protoss Shields Level 1  
  120  9:30  Protoss Ground Weapons Level 2  
  120  9:35  Gateway  
  120  10:27  High Templar x2  
  124  10:29  Nexus  
  124  10:33  Assimilator  
  125  10:35  Observer  
  125  10:36  Assimilator  
  125  10:38  Pylon  
  125  10:42  Pylon x2  
  125  10:46  Pylon  
  125  10:47  Blink, Pylon  
  126  10:57  Observer  
  126  11:32  Shield Battery  
  126  11:35  Shield Battery  
  126  11:37  Photon Cannon  
  126  11:40  Photon Cannon  
  126  11:42  Shield Battery  
  126  11:55  Observer x2  
  126  12:01  High Templar x5  
  132  12:06  Zealot x4  
  132  12:07  Zealot  
  148  12:14  Probe x4  
  152  12:26  Probe x4  
  152  12:29  Archon x2  
  155  12:30  Archon  
  155  12:38  Probe x3, Photon Cannon  
  158  12:50  High Templar  
  158  12:51  High Templar x6  
  164  12:52  High Templar x2  
Show
View Real Time Build Order
Export as new Build Order

DarkSoul Zerg - Winner!

Build Orders: Hatch First, Lurkers 

Get SALT Encoding   

  12  0:01  Drone  
  13  0:13  Overlord  
  13  0:17  Drone  
  14  0:31  Drone x2  
  16  0:50  Hatchery  
  16  0:54  Drone  
  16  0:59  Drone  
  16  1:01  Drone  
  18  1:18  Drone  
  18  1:20  Spawning Pool  
  18  1:22  Drone  
  19  1:30  Drone  
  20  1:35  Extractor  
  19  1:55  Drone x2  
  21  2:06  Overlord  
  21  2:11  Queen x2  
  25  2:23  Drone x2  
  25  2:24  Drone  
  28  2:36  Overlord x2  
  28  3:00  Metabolic Boost  
  28  3:01  Zergling x2  
  28  3:02  Zergling x2  
  28  3:04  Drone x4  
  34  3:06  Queen  
  36  3:25  Lair  
  36  3:30  Drone x2  
  36  3:31  Drone x6  
  44  3:42  Drone x2  
  46  3:52  Roach Warren  
  46  3:53  Drone x2  
  47  3:57  Spore Crawler  
  47  4:00  Spore Crawler  
  45  4:03  Extractor  
  45  4:04  Extractor  
  43  4:18  Drone x3  
  43  4:19  Drone  
  43  4:20  Drone x2  
  49  4:32  Glial Reconstitution  
  49  4:34  Roach  
  49  4:36  Overlord x3  
  51  4:46  Overlord  
  51  4:49  Overlord  
  51  4:50  Overlord  
  51  4:53  Overseer  
  51  5:06  Hatchery  
  50  5:10  Hydralisk Den  
  50  5:11  Roach x6  
  50  5:12  Roach x2  
  65  5:20  Overseer  
  65  5:51  Drone x6  
  65  5:52  Drone x5  
  76  6:03  Grooved Spines  
  76  6:06  Drone x2  
  76  6:07  Extractor  
  77  6:20  Drone  
  77  6:21  Drone x3  
  81  6:36  Pneumatized Carapace  
  81  6:42  Drone x3, Evolution Chamber  
  81  6:43  Hydralisk x4, Evolution Chamber  
  90  6:50  Extractor x2  
  88  7:14  Muscular Augments  
  88  7:17  Overlord  
  88  7:18  Overlord x2  
  88  7:30  Zerg Melee Weapons Level 1  
  88  7:31  Zerg Missile Weapons Level 1  
  88  7:37  Lurker Den  
  88  7:40  Overseer  
  87  7:54  Drone x3  
  87  7:56  Hydralisk x8  
  106  7:58  Overlord x2  
  106  7:59  Overlord  
  106  8:04  Drone x3  
  109  8:12  Hatchery  
  108  8:38  Overlord x2  
  108  8:39  Hydralisk  
  108  8:40  Hydralisk x10  
  130  8:56  Hatchery  
  129  9:10  Spire  
  128  9:21  Drone x3  
  131  9:29  Overlord x3  
  131  9:31  Overlord x2  
  131  9:32  Overlord  
  131  9:34  Drone x5  
  131  9:35  Drone  
  131  9:38  Extractor  
  136  9:55  Infestation Pit  
  135  10:06  Lurker x4  
  141  10:07  Lurker x5  
  141  10:08  Lurker  
  145  10:27  Mutalisk x3  
  145  10:28  Mutalisk  
  153  10:36  Drone x3  
  153  10:37  Drone x3, Extractor  
  158  10:52  Spore Crawler  
  158  10:54  Spine Crawler  
  158  10:55  Spine Crawler  
  155  11:09  Hive  
  155  11:18  Mutalisk  
  155  11:19  Mutalisk x7  
  171  11:33  Queen  
  171  11:35  Drone x4  
  171  11:36  Drone x3  
  180  11:49  Mutalisk  
  180  11:50  Mutalisk x5  
  180  11:53  Zergling x16  
  200  12:16  Hatchery  
Tags
 
Composition
Lurkers
League
Platinum
Matchup
PvZ
Spawn Locations
Cross Positions
Add a new tag
Caveats
  • Supply blocks, unpowered buildings, or Contaminate may cause inaccurate times.
  • Supply counts are checked every 10 seconds.